 Dungeon Crawl Stone Soup version 0.31.0-12-g77e489cdc1 (webtiles) character file.

Game seed: 12057274772066519386

99 Marvel the Insei (level 4, -1/28 HPs)
             Began as an Octopode Shapeshifter on Feb 28, 2024.
             Slain by a gnoll
             ... wielding a +0 spear
              (5 damage)
             ... on level 3 of the Dungeon.
             The game lasted 00:03:51 (2100 turns).

Marvel the Insei (Octopode Shapeshifter)            Turns: 2100, Time: 00:03:52

Health: -1/28      AC:  1    Str: 13    XL:     4   Next: 72%
Magic:  22/22      EV:  7    Int: 12    God:
Gold:   108        SH:  0    Dex: 13    Spells: 3/3 levels left

rFire   . .          .
                       - Unarmed
rCold   . . .        (no shield)
rNeg    . . .        (helmet currently unavailable)
rPois   .            (no amulet)
rElec   .            g - ring of magical power
rCorr   .            i - ring of magical power
SInv    .            (no ring)
Will    .....        (no ring)
Stlth   +++          (no ring)
HPRegen 0.24/turn    (no ring)
MPRegen 0.18/turn    (no ring)
                     (no ring)

%: no passive effects
@: beast-form, held
A: beast (slay +2), almost no armour, amphibious, 8 rings, camouflage 1,
gelatinous body 1, (nimble swimmer 1), tentacles
a: Begin Untransformation


You were on level 3 of the Dungeon.
You were a hulking beast.
You visited 1 branch of the dungeon, and saw 3 of its levels.

You collected 108 gold pieces.

Inventory:

Hand Weapons
 h - a +2 dagger of pain
Missiles
 m - 4 javelins (quivered)
Jewellery
 g - a ring of magical power (left tentacle)
 i - a ring of magical power (right tentacle)
 k - a ring of poison resistance
 n - a ring of wizardry
Talismans
 b - a beast talisman
 c - a flux talisman
Scrolls
 d - 3 scrolls of teleportation {unknown}
 e - a scroll of vulnerability {unknown}
 j - 3 scrolls of identify {unknown}
 l - a scroll of enchant weapon {unknown}
Potions
 a - 3 potions of lignification
 f - a potion of heal wounds {unknown}


   Skills:
 + Level 1.2 Fighting
 + Level 2.3 Dodging
 + Level 2.5 Stealth
 + Level 4.1 Unarmed Combat
 + Level 3.5 Shapeshifting


You had 3 spell levels left.
You didn't know any spells.
Your spell library contained the following spells:

 Spells                   Type           Power      Damage    Failure   Level
 Shock                    Conj/Air       0%         1d3       32%         1
 Swiftness                Air            0%         N/A       69%         3
 Airstrike                Air            0%         2d(0-16)  97%         4


Dungeon Overview and Level Annotations

Branches:
Dungeon (3/15)

Altars:


Innate Abilities, Weirdness & Mutations

You are a hulking beast.
Your limbs bulge with bestial killing power. (Slay +2)
You cannot wear most types of armour.
You are amphibious.
You can wear up to eight rings at the same time.
Your skin changes colour to match your surroundings (Stealth+).
Your rubbery body absorbs attacks. (AC +1, EV +1)
((You are camouflaged when in or above water. (Stealth+)))
You have tentacles for arms and can constrict up to eight enemies at once.


Message History

The gnoll closely misses you.
You tentacle-slap the gnoll. x2; You squeeze the gnoll.
The gnoll is almost dead.
You constrict the gnoll. The gnoll barely misses you.
The gnoll hits you with a +0 whip.
You are too injured to fight recklessly!
You are too injured to fight recklessly!
You are too injured to fight recklessly!
You are too injured to fight recklessly!
You are too injured to fight recklessly!
You are too injured to fight recklessly!
You are too injured to fight recklessly!
You are too injured to fight recklessly!
You are too injured to fight recklessly!
You are too injured to fight recklessly!
You are too injured to fight recklessly!
You are too injured to fight recklessly!
You are too injured to fight recklessly!
You are too injured to fight recklessly!
You are too injured to fight recklessly!
You are too injured to fight recklessly!
You tentacle-slap the gnoll but do no damage.
The gnoll is almost dead.
You constrict the gnoll.
You kill the gnoll!
The gnoll hits you from afar with a +0 spear.
Things that are here:
a +4 short sword; an orc corpse A gnoll comes into view.
It is wielding a +0 halberd and quivering 2 throwing nets.
The gnoll attacks as it pursues you!
The gnoll hits you from afar with a +0 spear!
* * * LOW HITPOINT WARNING * * *
The gnoll throws a throwing net.
The throwing net hits you.
You become entangled in the net!
You see here a throwing net.
You struggle against the net.
You struggle against the net.
The gnoll barely misses you.
You struggle against the net.
The gnoll hits you from afar with a +0 spear.
You die...

##.##.#....##o#.#
#.##(#.##.##l#.#
#.##.#.##.##S#.#
#)##..#†#.##>#.###
#.##.###..##o#...
##.#
#.##..#.####l#g#
.#.# ..#..#.##
#Sg.# .#.#
###.##.#
###.###.#.####
#.##.#
#.h...<.....
#.##.##
##...##.###
#.##..# #.###.#.#
#.###.#####.#
##..# #.#
#.†.....# #..# #.#
#.[####.# ##.##
#.# #..# #.###.##
#.###.<# #...##
#......# ##.##


You could see 2 gnolls, an adder, an orc and a frilled lizard.

Vanquished Creatures
  Terence (D:2)
  2 gnolls (D:3)
  2 dart slugs
  A ribbon worm (D:2)
  2 orcs (D:3)
  4 bats (D:1)
  2 endoplasms
  3 giant cockroaches
  5 goblins
  2 hobgoblins
  2 jackals (D:1)
  2 kobolds (D:2)
  3 quokkas
  7 ball pythons
  4 frilled lizards
  5 rats
47 creatures vanquished.

Notes
Turn   | Place    | Note
-------+----------+-------------------------------------------
     0 | D:1      | Marvel the Octopode Shapeshifter began the quest for the
                  | Orb.
     0 | D:1      | Reached XP level 1. HP: 13/13 MP: 1/1
   202 | D:1      | Reached XP level 2. HP: 18/18 MP: 2/2
   568 | D:1      | Reached XP level 3. HP: 21/23 MP: 3/3
  1114 | D:2      | Noticed Terence
  1124 | D:2      | Killed Terence
  1125 | D:2      | Reached skill level 1 in Stealth
  1203 | D:2      | Reached XP level 4. HP: 28/28 MP: 4/4
  1720 | D:3      | Reached skill level 4 in Unarmed Combat
  2037 | D:3      | Identified the +5 falchion of the Skies Above {speed, rPois
                  | rC+ Stlth-}
  2100 | D:3      | Slain by a gnoll

Illustrated notes

Levels and vault maps discovered:
D:1:      lightli_molten_gateway, layout_basic
D:2:      layout_rooms, serial_forest, infiniplex_forest_lined_3,
          infiniplex_forest_straight_4, infiniplex_forest_clump_diagonal,
          infiniplex_forest_lined_2, infiniplex_forest_lined_room_2,
          infiniplex_forest_clump_large, hex_medium,
          nicolae_houndstooth_variations, uniq_terence
D:3:      layout_loops_ring

Skill      XL: |  1  2  3  4 |
---------------+-------------+-----
Stealth        | 1 2 |  2.5
Unarmed Combat | 4 |  4.1
Fighting       | |  1.2
Dodging        | |  2.3
Shapeshifting  | |  3.5

Action                     |  1- 3 |  4- 6 || total
---------------------------+-------+-------++-------
  Melee: Unarmed           |    59 |    32 ||    91
         Constrict         |    13 |     8 ||    21
         Tentacles         |    10 |     5 ||    15
         Punch             |       |     1 ||     1
   Stab: Sleeping          |     5 |     5 ||    10
 Armour: Skin              |    18 |    10 ||    28
  Dodge: Dodged            |    50 |    15 ||    65
